Map: Amygdala

Players

llIIlIIllIII - Winner!

  • Race: Zerg Zerg
  • League: Master
  • Spawn Location: 1:00

milkingcows (MilkiCow)

  • Race: Terran Terran
  • League: Grandmaster
  • Spawn Location: 7:00

VOD

Have the link to the VOD?

Description

Time

  • Played on: March 28, 2025, 3:27 p.m.
  • Length: 11:15
Show
View Real Time Build Order
Export as new Build Order

llIIlIIllIII Zerg - Winner!

Build Orders: Hatch First 

Get SALT Encoding   

  12  0:00  Drone  
  13  0:08  Drone  
  14  0:14  Extractor  
  14  0:15  Drone  
  15  0:21  Overlord  
  15  0:40  Drone  
  16  0:45  Hatchery  
  16  0:49  Drone  
  16  0:52  Drone  
  16  0:56  Drone  
  18  1:06  Extractor  
  18  1:11  Spawning Pool  
  16  1:14  Drone  
  16  1:17  Drone  
  18  1:26  Drone  
  19  1:37  Drone  
  20  1:47  Drone  
  21  1:57  Queen x2  
  21  2:00  Zergling x2  
  26  2:01  Drone  
  27  2:09  Zergling x2  
  27  2:11  Overlord  
  28  2:20  Hatchery  
  28  2:22  Drone  
  30  2:30  Drone x2  
  30  2:31  Drone  
  31  2:39  Queen  
  31  2:43  Overlord  
  33  2:48  Metabolic Boost  
  33  2:52  Drone  
  33  2:53  Drone  
  33  2:56  Drone  
  36  3:02  Drone  
  36  3:04  Drone  
  38  3:06  Drone  
  38  3:07  Drone x2  
  41  3:13  Queen  
  41  3:15  Drone  
  44  3:21  Overlord  
  44  3:31  Queen x2  
  44  3:33  Drone  
  49  3:34  Drone  
  49  3:38  Overlord  
  50  3:42  Drone x2  
  50  3:43  Drone  
  50  3:46  Zergling x2  
  54  3:48  Drone x2  
  54  3:50  Drone  
  57  3:56  Queen  
  57  3:59  Overlord  
  57  4:01  Drone x2  
  61  4:03  Zergling x2  
  61  4:06  Drone x2  
  64  4:12  Overlord  
  64  4:14  Drone  
  64  4:16  Lair  
  65  4:20  Overlord, Extractor  
  65  4:23  Drone x3  
  67  4:26  Zergling x2  
  67  4:30  Drone x4  
  72  4:35  Extractor, Drone  
  72  4:36  Drone, Extractor  
  72  4:40  Drone x4  
  75  4:45  Zergling x4  
  75  4:46  Zergling x2  
  75  4:48  Drone  
  75  4:51  Drone x2  
  81  4:59  Spore Crawler  
  80  5:01  Spore Crawler x2  
  80  5:05  Drone x6  
  84  5:11  Drone x4  
  88  5:16  Queen  
  88  5:17  Spire  
  88  5:18  Overlord x2  
  88  5:19  Overseer  
  88  5:20  Overlord  
  89  5:23  Overlord, Extractor  
  89  5:25  Extractor  
  89  5:28  Baneling Nest  
  86  5:30  Drone x3  
  86  5:31  Overseer  
  86  5:33  Overlord  
  89  5:43  Hatchery  
  89  5:45  Overlord  
  89  5:46  Drone x2  
  89  5:49  Overlord  
  88  5:53  Overlord  
  88  5:57  Drone x5  
  91  6:03  Drone x5  
  94  6:06  Overlord  
  94  6:07  Drone x2  
  94  6:08  Drone x2  
  97  6:12  Drone x3  
  97  6:18  Drone x2, Evolution Chamber x2  
  100  6:21  Spore Crawler  
  100  6:25  Drone  
  98  6:26  Drone  
  98  6:29  Mutalisk x4  
  107  6:35  Mutalisk  
  107  6:36  Mutalisk x2  
  113  6:41  Mutalisk x3  
  113  6:45  Centrifugal Hooks  
  119  6:51  Zergling x8  
  123  6:56  Zergling x4  
  125  7:01  Baneling x5  
  125  7:02  Zergling x10  
  125  7:06  Overlord  
  130  7:10  Overlord  
  130  7:11  Zergling x14  
  138  7:16  Overlord  
  135  7:27  Drone x7  
  135  7:29  Queen  
  143  7:32  Zerg Ground Armor Level 1, Zerg Melee Weapons Level 1, Zerg Flyer Armor Level 1  
  143  7:33  Overlord  
  143  7:34  Drone  
  143  7:36  Extractor  
  143  7:38  Extractor, Drone x3  
  143  7:41  Mutalisk x2  
  147  7:48  Mutalisk x2  
  151  7:52  Drone  
  151  7:53  Drone x3  
  151  7:54  Drone  
  156  8:06  Hatchery  
  156  8:11  Mutalisk x5  
  165  8:13  Zergling x12  
  171  8:25  Baneling x2  
  171  8:26  Baneling x2, Mutalisk x2  
  175  8:31  Drone x4  
  179  8:34  Mutalisk  
  179  8:36  Zergling x6  
  179  8:38  Baneling, Overlord  
  184  8:41  Overlord  
  184  8:42  Zergling x4  
  184  8:45  Pneumatized Carapace  
  184  8:55  Overlord  
  184  8:56  Overlord  
  184  8:57  Baneling x8  
  184  8:59  Overlord  
  184  9:00  Hatchery  
  183  9:03  Zergling x28  
  183  9:07  Baneling x6  
  183  9:09  Overseer  
  196  9:10  Overseer  
  196  9:12  Zergling x2  
  196  9:13  Zergling x4  
  196  9:16  Overlord  
  199  9:21  Zergling x18  
  199  9:24  Spore Crawler  
  194  9:25  Mutalisk x2  
  197  9:36  Infestation Pit  
  194  9:39  Zergling x16  
  194  9:41  Baneling x7  
  194  9:42  Overlord  
  199  9:51  Overlord  
  197  9:54  Overlord  
  197  9:58  Overlord  
  197  9:59  Zergling x4  
  199  10:02  Mutalisk x5  
  173  10:07  Zergling x16  
  173  10:10  Zergling x2  
  173  10:11  Zergling x4  
  182  10:15  Zergling x8  
  182  10:17  Baneling x10  
  182  10:18  Baneling x2  
  186  10:26  Zergling x2  
  186  10:27  Zergling x18  
  196  10:34  Mutalisk  
  199  10:38  Baneling x8  
  199  10:41  Baneling x3  
  194  10:45  Zergling x16  
  182  10:51  Baneling x8  
  182  10:52  Zergling x10  
Show
View Real Time Build Order
Export as new Build Order

milkingcows Terran 

Build Orders: Reaper Expand, Hellion Banshee 

Get SALT Encoding   

  12  0:00  SCV  
  13  0:12  SCV  
  14  0:17  Supply Depot  
  14  0:25  SCV  
  15  0:38  SCV  
  15  0:40  Barracks  
  16  0:44  Refinery  
  16  0:51  SCV  
  16  0:55  Refinery  
  17  1:03  SCV  
  18  1:15  SCV  
  19  1:27  Orbital Command  
  19  1:29  Reaper  
  20  1:40  Command Center  
  20  1:48  Supply Depot  
  20  1:53  SCV  
  21  2:00  Marine  
  22  2:05  SCV  
  23  2:12  Factory  
  23  2:17  SCV  
  24  2:27  Barracks Reactor  
  24  2:31  SCV  
  25  2:40  Command Center  
  25  2:43  SCV  
  26  2:53  Orbital Command  
  26  2:57  SCV  
  27  3:02  Starport  
  27  3:07  Refinery  
  27  3:10  SCV  
  27  3:12  Hellion  
  30  3:17  Hellion  
  30  3:19  Barracks Tech Lab  
  32  3:23  SCV x2  
  34  3:35  SCV x2  
  34  3:40  Hellion x2  
  40  3:45  Banshee  
  40  3:46  Marine  
  40  3:47  SCV  
  45  3:52  Orbital Command  
  45  3:53  SCV  
  46  3:59  Cloaking Field  
  46  4:01  SCV  
  47  4:04  Hellion  
  47  4:05  SCV  
  47  4:08  Hellion  
  52  4:10  Barracks Tech Lab  
  52  4:13  SCV  
  53  4:19  SCV  
  53  4:20  SCV  
  53  4:21  Supply Depot  
  55  4:25  SCV  
  55  4:29  Banshee  
  55  4:31  SCV  
  60  4:32  SCV  
  61  4:43  SCV, Hellion x2, Supply Depot  
  61  4:44  Stimpack  
  66  4:50  SCV  
  66  4:52  Marine  
  68  5:00  SCV  
  68  5:05  SCV x2  
  68  5:06  Supply Depot, Engineering Bay  
  71  5:07  Engineering Bay  
  71  5:10  Refinery, Barracks  
  71  5:11  Barracks, Refinery  
  71  5:12  SCV  
  72  5:16  Factory Reactor  
  72  5:17  SCV x2, Marine  
  75  5:24  SCV  
  75  5:28  Orbital Command  
  76  5:29  SCV  
  76  5:30  Barracks  
  76  5:32  Barracks  
  76  5:34  Starport Reactor  
  76  5:35  Marine  
  77  5:36  SCV  
  77  5:40  Terran Infantry Weapons Level 1  
  77  5:41  Terran Infantry Armor Level 1, Supply Depot, SCV  
  80  5:45  Supply Depot  
  80  5:48  SCV  
  81  5:53  Marine  
  81  5:54  SCV  
  83  6:00  SCV  
  83  6:01  Marine  
  85  6:04  Marine  
  85  6:08  SCV  
  85  6:09  SCV  
  85  6:11  Marine x3  
  88  6:12  Factory Reactor, Medivac x2  
  88  6:14  SCV  
  88  6:18  Supply Depot x2  
  96  6:19  Marine  
  96  6:22  SCV  
  96  6:23  Barracks Reactor  
  96  6:24  Barracks Reactor, Marine  
  99  6:27  Armory  
  99  6:29  Marine  
  99  6:32  Marine  
  100  6:33  Marine  
  100  6:35  SCV  
  100  6:39  Marine, SCV x2  
  104  6:42  Supply Depot x2, Marine  
  104  6:46  Marine  
  105  6:47  SCV  
  105  6:50  Marine  
  105  6:51  Marine  
  105  6:52  Medivac x2  
  113  6:56  Widow Mine  
  113  6:57  Marine  
  113  6:58  SCV  
  113  6:59  Command Center  
  117  7:03  Marine x3  
  117  7:04  Marine  
  117  7:06  Supply Depot  
  117  7:07  Supply Depot  
  119  7:08  Missile Turret  
  119  7:09  Missile Turret  
  119  7:13  Missile Turret  
  116  7:29  Marine  
  97  7:30  Marine  
  97  7:32  SCV, Marine  
  97  7:33  Combat Shield, Marine x4  
  97  7:34  Marine  
  97  7:35  Factory  
  105  7:37  Widow Mine x2  
  105  7:38  Terran Infantry Weapons Level 2, Terran Infantry Armor Level 2  
  105  7:39  Marine, Factory  
  105  7:43  SCV  
  110  7:47  Marine x2, Supply Depot  
  110  7:50  Marine x4  
  110  7:51  Medivac  
  116  7:53  Marine  
  116  7:57  Missile Turret  
  116  7:58  Supply Depot, Refinery  
  117  7:59  Marine  
  117  8:02  Terran Vehicle And Ship Armor Level 1  
  117  8:04  SCV  
  120  8:05  SCV  
  120  8:07  Marine x3  
  120  8:08  Marine x2, Widow Mine  
  120  8:09  SCV  
  128  8:15  Missile Turret  
  128  8:16  Marine x2  
  128  8:17  Marine  
  128  8:19  Widow Mine  
  133  8:20  Marine, Medivac  
  133  8:22  SCV  
  133  8:27  Marine x2  
  137  8:28  Marine x2  
  137  8:30  Thor  
  137  8:31  Widow Mine  
  137  8:32  SCV  
  150  8:38  Marine  
  150  8:40  SCV  
  152  8:42  Marine, Missile Turret  
  152  8:43  Missile Turret, SCV  
  152  8:44  Supply Depot  
  152  8:46  Widow Mine, Medivac  
  158  8:49  SCV  
  158  8:50  Medivac  
  158  8:53  Planetary Fortress  
  161  8:57  SCV  
  161  8:58  Marine  
  161  8:59  Marauder, Widow Mine  
  161  9:01  Hellion, Marine  
  161  9:02  SCV  
  169  9:03  SCV  
  169  9:04  Marine  
  169  9:05  Missile Turret  
  169  9:08  Missile Turret  
  171  9:10  Barracks  
  171  9:11  Marine  
  171  9:13  Barracks  
  171  9:15  Sensor Tower x2  
  167  9:26  Supply Depot  
  167  9:27  Supply Depot  
  166  9:40  Supply Depot  
  165  9:47  Marine  
  165  9:48  Marine x2  
  165  9:52  Marauder  
  164  9:54  Marine, SCV  
  164  9:57  SCV  
  164  10:01  Marine  
  164  10:02  Widow Mine x2  
  164  10:04  Thor  
  164  10:13  Supply Depot  
  164  10:14  Supply Depot x2  
  164  10:15  Command Center  
  164  10:17  Barracks Tech Lab  
  164  10:22  Medivac  
  165  10:35  Marine x2  
  165  10:36  SCV x2, Marauder, Widow Mine  
  165  10:39  Marine x2, Marauder  
  165  10:40  Marine  
  165  10:41  Marine x2  
  154  10:50  Marine  
  154  10:52  SCV  
  154  10:53  Marine  
  154  10:57  Marine  
Tags
 
Add a new tag
Caveats
  • Supply blocks, unpowered buildings, or Contaminate may cause inaccurate times.
  • Supply counts are checked every 10 seconds.